TOP OF THE 1ST |
Cincinnati Reds batting - Pitching for Seattle Mariners : RHP Jose Berrios
|
Pitching: RHP Jose Berrios
|
|
Batting: RHB Trea Turner
|
0-0: Called Strike 0-1: Called Strike 0-2: Ball 1-2: Fly out, F3 (Popup, 3SF, EV 81.3 MPH)
|
Batting: LHB Robinson Cano
|
0-0: Ball 1-0: Foul Ball, location: 2F 1-1: Ground out 5-3 (Groundball, 6, EV 88.8 MPH)
|
Batting: LHB Gregory Polanco
|
0-0: Ball 1-0: Ball 2-0: Swinging Strike 2-1: Called Strike 2-2: Foul Ball, location: 2F 2-2: Strikes out swinging
|
Top of the 1st over - 0 runs, 0 hits, 0 errors, 0 left on base; Cincinnati 0 - Seattle 0 |
BOTTOM OF THE 1ST |
Seattle Mariners batting - Pitching for Cincinnati Reds : LHP Blake Snell
|
Pitching: LHP Blake Snell
|
|
Batting: LHB Ben Revere
|
0-0: Ball 1-0: Called Strike 1-1: Called Strike 1-2: Strikes out swinging
|
Batting: LHB Brandon Nimmo
|
0-0: Ball 1-0: Ball 2-0: Fly out, F8 (Flyball, 8LXD, EV 86.9 MPH)
|
Batting: RHB Manny Machado
|
0-0: SINGLE (Flyball, 7LS, EV 90.6 MPH)
|
Batting: RHB Brian Dozier
|
0-0: Ball 1-0: 2-RUN HOME RUN (Flyball, 7D, EV 98.1 MPH), Distance : 371 ft
|
Batting: RHB Willians Astudillo
|
0-0: Ball 1-0: SINGLE (Line Drive, 78S, EV 111.9 MPH)
|
Batting: RHB Matt Kemp
|
0-0: Ball 1-0: Foul Ball, location: 2F 1-1: Ball 2-1: Ball 3-1: Called Strike 3-2: Fly out, F8 (Flyball, 8RXD, EV 98.8 MPH)
|
Bottom of the 1st over - 2 runs, 3 hits, 0 errors, 1 left on base; Cincinnati 0 - Seattle 2 |
TOP OF THE 2ND |
Cincinnati Reds batting - Pitching for Seattle Mariners : RHP Jose Berrios
|
Batting: LHB Joey Gallo
|
0-0: Called Strike 0-1: Ball 1-1: Ball 2-1: Swinging Strike 2-2: Strikes out swinging
|
Batting: LHB Ji-man Choi
|
0-0: Ball 1-0: Called Strike 1-1: Ball 2-1: Foul Ball, location: 2F 2-2: Foul Ball, location: 2F 2-2: Strikes out looking
|
Batting: RHB Chad Pinder
|
0-0: Called Strike 0-1: Fly out, F9 (Flyball, 9S, EV 88.1 MPH)
|
Top of the 2nd over - 0 runs, 0 hits, 0 errors, 0 left on base; Cincinnati 0 - Seattle 2 |
BOTTOM OF THE 2ND |
Seattle Mariners batting - Pitching for Cincinnati Reds : LHP Blake Snell
|
Batting: LHB Rowdy Tellez
|
0-0: Ball 1-0: Ball 2-0: Foul Ball, location: 2F 2-1: Ball 3-1: SINGLE (Groundball, 4MD, EV 96.3 MPH)
|
Batting: SHB Anthony Santander
|
0-0: Ball 1-0: Ball 2-0: Bunted foul 2-1: Sac Bunt to 23 - play at first, batter OUT! 3-4 Rowdy Tellez to second
|
Batting: RHB Jordy Mercer
|
0-0: Ball 1-0: Ball 2-0: Called Strike 2-1: Ball 3-1: Base on Balls
|
Batting: LHB Ben Revere
|
0-0: Called Strike 0-1: Called Strike 0-2: Foul Ball, location: 2F 0-2: Ball 1-2: Ball 2-2: Ball 3-2: Strikes out swinging
|
Batting: LHB Brandon Nimmo
|
0-0: Swinging Strike 0-1: Ball 1-1: Ball 2-1: Swinging Strike 2-2: Strikes out swinging
|
Bottom of the 2nd over - 0 runs, 1 hit, 0 errors, 2 left on base; Cincinnati 0 - Seattle 2 |
TOP OF THE 3RD |
Cincinnati Reds batting - Pitching for Seattle Mariners : RHP Jose Berrios
|
Batting: LHB Brian McCann
|
0-0: Ball 1-0: SINGLE (Groundball, 4MD, EV 96.9 MPH)
|
Batting: RHB Hanley Ramirez
|
0-0: Ball 1-0: Sac Bunt to 25 - play at second, runner OUT! 5-6
|
Batting: LHB Jarrod Dyson
|
0-0: Ball 1-0: Ball 2-0: Called Strike 2-1: Ball 3-1: Base on Balls Hanley Ramirez to second
|
Batting: RHB Trea Turner
|
0-0: Called Strike 0-1: Ball 1-1: Foul Ball, location: 2F 1-2: Strikes out looking
|
Batting: LHB Robinson Cano
|
0-0: Fly out, F9 (Flyball, 9D, EV 92.5 MPH)
|
Top of the 3rd over - 0 runs, 1 hit, 0 errors, 2 left on base; Cincinnati 0 - Seattle 2 |
BOTTOM OF THE 3RD |
Seattle Mariners batting - Pitching for Cincinnati Reds : LHP Blake Snell
|
Batting: RHB Manny Machado
|
0-0: Called Strike 0-1: Swinging Strike 0-2: SINGLE (Groundball, 4S, EV 69.4 MPH) (infield hit)
|
Batting: RHB Brian Dozier
|
0-0: Ball 1-0: Swinging Strike 1-1: Ball 2-1: Called Strike 2-2: Foul Ball, location: 2F 2-2: Foul Ball, location: 2F 2-2: Foul Ball, location: 2F 2-2: Foul Ball, location: 2F 2-2: Grounds into double play, 5-4-3 (Groundball, 56S, EV 83.8 MPH)
|
Batting: RHB Willians Astudillo
|
0-0: Called Strike 0-1: Fly out, F4 (Flyball, 4MD, EV 88.8 MPH)
|
Bottom of the 3rd over - 0 runs, 1 hit, 0 errors, 0 left on base; Cincinnati 0 - Seattle 2 |
TOP OF THE 4TH |
Cincinnati Reds batting - Pitching for Seattle Mariners : RHP Jose Berrios
|
Batting: LHB Gregory Polanco
|
0-0: Called Strike 0-1: Ball 1-1: Called Strike 1-2: Ball 2-2: Foul Ball, location: 2F 2-2: Foul Ball, location: 2F 2-2: Ball 3-2: Base on Balls
|
Batting: LHB Joey Gallo
|
0-0: Swinging Strike 0-1: Swinging Strike 0-2: Ball 1-2: DOUBLE (Line Drive, 5D, EV 102.5 MPH) Gregory Polanco to third
|
Batting: LHB Ji-man Choi
|
0-0: Called Strike 0-1: Ball 1-1: Foul Ball, location: 2F 1-2: Foul Ball, location: 2F 1-2: Ball 2-2: Ground out 4-3 (Groundball, 4, EV 110.0 MPH) Gregory Polanco scores Joey Gallo to third
|
Batting: RHB Chad Pinder
|
0-0: Swinging Strike 0-1: Foul Ball, location: 2F 0-2: Ball 1-2: SINGLE (Groundball, 56, EV 99.4 MPH) Joey Gallo scores
|
Batting: LHB Brian McCann
|
0-0: Called Strike 0-1: Called Strike 0-2: Strikes out swinging
|
Batting: RHB Hanley Ramirez
|
0-0: Called Strike 0-1: Ball 1-1: Ball 2-1: Ball 3-1: Base on Balls Chad Pinder to second
|
Batting: LHB Jarrod Dyson
|
0-0: Foul Ball, location: 2F 0-1: Called Strike 0-2: Foul Ball, location: 2F 0-2: Ground out 4-3 (Groundball, 4, EV 101.9 MPH)
|
Top of the 4th over - 2 runs, 2 hits, 0 errors, 2 left on base; Cincinnati 2 - Seattle 2 |
BOTTOM OF THE 4TH |
Seattle Mariners batting - Pitching for Cincinnati Reds : LHP Blake Snell
|
Batting: RHB Matt Kemp
|
0-0: Swinging Strike 0-1: Ball 1-1: Foul Ball, location: 2F 1-2: Ball 2-2: Ball 3-2: Base on Balls
|
Batting: LHB Rowdy Tellez
|
0-0: Called Strike 0-1: Ball 1-1: Swinging Strike 1-2: Ball 2-2: Strikes out looking
|
Batting: SHB Anthony Santander
|
0-0: Fly out, F9 (Line Drive, 9, EV 95.0 MPH)
|
Batting: RHB Jordy Mercer
|
0-0: Called Strike 0-1: Fly out, F7 (Flyball, 78S, EV 93.1 MPH)
|
Bottom of the 4th over - 0 runs, 0 hits, 0 errors, 1 left on base; Cincinnati 2 - Seattle 2 |
TOP OF THE 5TH |
Cincinnati Reds batting - Pitching for Seattle Mariners : RHP Jose Berrios
|
Batting: RHB Trea Turner
|
0-0: Ball 1-0: SINGLE (Groundball, 56D, EV 106.3 MPH)
|
Batting: LHB Robinson Cano
|
0-0: Swinging Strike 0-1: Called Strike 0-2: Strikes out swinging
|
Batting: LHB Gregory Polanco
|
0-0: Called Strike 0-1: Swinging Strike Trea Turner is caught stealing 2nd base 2-6 0-2: Ground out 4-3 (Groundball, 34, EV 86.9 MPH)
|
Top of the 5th over - 0 runs, 1 hit, 0 errors, 0 left on base; Cincinnati 2 - Seattle 2 |
BOTTOM OF THE 5TH |
Seattle Mariners batting - Pitching for Cincinnati Reds : LHP Blake Snell
|
Batting: LHB Ben Revere
|
0-0: Ball 1-0: Swinging Strike 1-1: Swinging Strike 1-2: Ball 2-2: Foul Ball, location: 2F 2-2: Ball 3-2: Strikes out swinging
|
Batting: LHB Brandon Nimmo
|
0-0: Ball 1-0: SINGLE (Flyball, 9S, EV 91.3 MPH)
|
Batting: RHB Manny Machado
|
0-0: Fly out, F9 (Flyball, 89D, EV 91.9 MPH)
|
Batting: RHB Brian Dozier
|
0-0: Ball 1-0: Foul Ball, location: 2F 1-1: Fielders Choice at 2nd, 6-4 (Groundball, 6, EV 91.3 MPH)
|
Bottom of the 5th over - 0 runs, 1 hit, 0 errors, 1 left on base; Cincinnati 2 - Seattle 2 |
TOP OF THE 6TH |
Cincinnati Reds batting - Pitching for Seattle Mariners : RHP Jose Berrios
|
Batting: LHB Joey Gallo
|
0-0: Foul Ball, location: 2F 0-1: Ground out U3 (Groundball, 3, EV 101.3 MPH)
|
Batting: LHB Ji-man Choi
|
0-0: Ball 1-0: Ball 2-0: Called Strike 2-1: Ball 3-1: Foul Ball, location: 2F 3-2: Fly out, F9 (Line Drive, 9, EV 90.6 MPH)
|
Batting: RHB Chad Pinder
|
0-0: Ball 1-0: Swinging Strike 1-1: Foul Ball, location: 2F 1-2: Ball 2-2: Ball 3-2: Foul Ball, location: 2F 3-2: Strikes out looking
|
Top of the 6th over - 0 runs, 0 hits, 0 errors, 0 left on base; Cincinnati 2 - Seattle 2 |
BOTTOM OF THE 6TH |
Seattle Mariners batting - Pitching for Cincinnati Reds : LHP Blake Snell
|
Batting: RHB Willians Astudillo
|
0-0: Ball 1-0: Ball 2-0: Ball 3-0: Base on Balls
|
Batting: RHB Matt Kemp
|
0-0: Grounds into double play, 6-4-3 (Groundball, 6S, EV 88.8 MPH)
|
Batting: LHB Rowdy Tellez
|
0-0: Fly out, F9 (Flyball, 89S, EV 90.6 MPH)
|
Bottom of the 6th over - 0 runs, 0 hits, 0 errors, 0 left on base; Cincinnati 2 - Seattle 2 |
TOP OF THE 7TH |
Cincinnati Reds batting - Pitching for Seattle Mariners : RHP Jose Berrios
|
Pitching: LHP Zach Duke
|
|
Batting: LHB Brian McCann
|
0-0: Called Strike 0-1: Ball 1-1: Swinging Strike 1-2: Ball 2-2: Strikes out swinging
|
Pitching: RHP Wily Peralta
|
|
Batting: RHB Hanley Ramirez
|
0-0: Ball 1-0: Ball 2-0: Ball 3-0: Foul Ball, location: 2F 3-1: Swinging Strike 3-2: Base on Balls
|
Batting: LHB Jarrod Dyson
|
0-0: Ball 1-0: Called Strike Hanley Ramirez steals 2nd base 1-1: SINGLE (Groundball, 6D, EV 93.8 MPH) Hanley Ramirez to third
|
Batting: RHB Trea Turner
|
0-0: Ball 1-0: Swinging Strike 1-1: Ball 2-1: Foul Ball, location: 2F 2-2: Ball 3-2: 3-RUN HOME RUN (Flyball, 7D, EV 104.4 MPH), Distance : 387 ft
|
Pitching: RHP Alex Wilson
|
|
Batting: LHB Robinson Cano
|
0-0: Ball 1-0: Called Strike 1-1: Ball 2-1: SINGLE (Groundball, 4MD, EV 95.0 MPH)
|
Batting: LHB Gregory Polanco
|
0-0: Called Strike 0-1: Ball 1-1: Fly out, F8 (Line Drive, 8RD, EV 103.1 MPH)
|
Batting: LHB Joey Gallo
|
0-0: Ball 1-0: Ball 2-0: Called Strike 2-1: Called Strike 2-2: Ball 3-2: Ground out 6-3 (Groundball, 4, EV 82.5 MPH)
|
Top of the 7th over - 3 runs, 3 hits, 0 errors, 1 left on base; Cincinnati 5 - Seattle 2 |
BOTTOM OF THE 7TH |
Seattle Mariners batting - Pitching for Cincinnati Reds : LHP Blake Snell
|
Batting: SHB Anthony Santander
|
0-0: Ball 1-0: Foul Ball, location: 2F 1-1: Ball 2-1: Called Strike 2-2: Foul Ball, location: 2F 2-2: Ground out 6-3 (Groundball, 6, EV 90.0 MPH)
|
Pitching: RHP Bruce Rondon
|
|
Batting: RHB Jordy Mercer
|
0-0: Fly out, F8 (Flyball, 78D, EV 101.3 MPH)
|
Batting: LHB Ben Revere
|
0-0: Foul Ball, location: 2F 0-1: Foul Ball, location: 2F 0-2: Ball 1-2: Foul Ball, location: 2F 1-2: Ball 2-2: Foul Ball, location: 2F 2-2: Foul Ball, location: 2F 2-2: SINGLE (Groundball, 34S, EV 69.4 MPH) (infield hit)
|
Batting: LHB Brandon Nimmo
|
0-0: Ball 1-0: Called Strike 1-1: Called Strike 1-2: Fly out, F8 (Flyball, 8RS, EV 90.0 MPH)
|
Bottom of the 7th over - 0 runs, 1 hit, 0 errors, 1 left on base; Cincinnati 5 - Seattle 2 |
TOP OF THE 8TH |
Cincinnati Reds batting - Pitching for Seattle Mariners : RHP Alex Wilson
|
Batting: LHB Ji-man Choi
|
0-0: Called Strike 0-1: Swinging Strike 0-2: Strikes out swinging
|
Batting: RHB Chad Pinder
|
0-0: Called Strike 0-1: Foul Ball, location: 2F 0-2: Strikes out swinging
|
Batting: LHB Brian McCann
|
0-0: Ball 1-0: Called Strike 1-1: Ball 2-1: Ground out 4-3 (Groundball, 34, EV 80.6 MPH)
|
Top of the 8th over - 0 runs, 0 hits, 0 errors, 0 left on base; Cincinnati 5 - Seattle 2 |
BOTTOM OF THE 8TH |
Seattle Mariners batting - Pitching for Cincinnati Reds : RHP Bruce Rondon
|
Pitching: RHP Raisel Iglesias
|
|
Batting: RHB Manny Machado
|
0-0: Ball 1-0: Ball 2-0: Ball 3-0: Called Strike 3-1: Base on Balls
|
Batting: RHB Brian Dozier
|
0-0: Called Strike 0-1: 2-RUN HOME RUN (Flyball, 7LD, EV 108.8 MPH), Distance : 340 ft
|
Batting: RHB Willians Astudillo
|
0-0: Called Strike 0-1: Foul Ball, location: 2F 0-2: Ball 1-2: Fly out, F9 (Flyball, 9S, EV 76.9 MPH)
|
Batting: RHB Matt Kemp
|
0-0: Foul Ball, location: 2F 0-1: Ground out 5-3 (Groundball, 5, EV 99.4 MPH)
|
Batting: LHB Rowdy Tellez
|
0-0: Foul Ball, location: 2F 0-1: Swinging Strike 0-2: Strikes out swinging
|
Bottom of the 8th over - 2 runs, 1 hit, 0 errors, 0 left on base; Cincinnati 5 - Seattle 4 |
TOP OF THE 9TH |
Cincinnati Reds batting - Pitching for Seattle Mariners : RHP Alex Wilson
|
Pitching: RHP Emilio Pagan
|
|
Batting: RHB Hanley Ramirez
|
0-0: Called Strike 0-1: Called Strike 0-2: Ball 1-2: Strikes out swinging
|
Batting: LHB Jarrod Dyson
|
0-0: Ball 1-0: Ball 2-0: Called Strike 2-1: Called Strike 2-2: Foul Ball, location: 2F 2-2: Foul Ball, location: 2F 2-2: Strikes out swinging
|
Batting: RHB Trea Turner
|
0-0: Foul Ball, location: 2F 0-1: Swinging Strike 0-2: Strikes out looking
|
Top of the 9th over - 0 runs, 0 hits, 0 errors, 0 left on base; Cincinnati 5 - Seattle 4 |
BOTTOM OF THE 9TH |
Seattle Mariners batting - Pitching for Cincinnati Reds : RHP Raisel Iglesias
|
Pitching: RHP Richard Rodriguez
|
|
Batting: SHB Anthony Santander
|
0-0: Ground out 4-3 (Groundball, 4, EV 89.4 MPH)
|
Batting: RHB Jordy Mercer
|
0-0: Foul Ball, location: 2F 0-1: Foul Ball, location: 2F 0-2: Ball 1-2: Strikes out looking
|
Batting: LHB Ben Revere
|
0-0: Called Strike 0-1: Ball 1-1: Foul Ball, location: 2F 1-2: Strikes out swinging
|
Bottom of the 9th over - 0 runs, 0 hits, 0 errors, 0 left on base; Cincinnati 5 - Seattle 4 |
|